 Dungeon Crawl Stone Soup version 0.24-a0-165-g1b465fe (webtiles) character file.

Game seed: 13100683014399468885

157 MatthieuS the Skirmisher (level 5, -4/33 HPs)
             Began as a Deep Elf Wanderer on Mar 6, 2019.
             Slain by a worker ant (6 damage)
             ... on level 4 of the Dungeon.
             The game lasted 00:05:53 (3372 turns).

MatthieuS the Skirmisher (Deep Elf Wanderer)        Turns: 3372, Time: 00:05:54

Health: -4/33      AC:  6    Str:  6    XL:     5   Next: 15%
Magic:  12/12      EV: 10    Int: 18    God:
Gold:   86         SH:  0    Dex: 17    Spells: 10/10 levels left

rFire    + . .     SeeInvis .   c - +0 hand crossbow
rCold    + . .     Gourm    .   (no shield)
rNeg     . . .     Faith    .   y - +0 ring mail (curse)
rPois    .         Spirit   .   (no helmet)
rElec    .         Reflect  .   p - scarf {rC+ rF+}
rCorr    .         Harm     .   (no gloves)
MR       .....                  j - +0 pair of boots (curse)
Stlth    +.........             (no amulet)
HPRegen  0.11/turn              q - -3 ring of slaying (curse)
MPRegen  0.13/turn              (no ring)

@: lethally poisoned (-4 -> -8)
A: no striking features
a: no special abilities


You were on level 4 of the Dungeon.
You were hungry.

You visited 1 branch of the dungeon, and saw 4 of its levels.

You collected 86 gold pieces.

Inventory:

Hand Weapons
 b - a +2 blowgun
 c - a +0 hand crossbow (weapon)
 o - a +1 rapier of protection
   (You found it on level 2 of the Dungeon)
 v - a +2 vampiric short sword {!w}
   (You took it off a kobold on level 3 of the Dungeon)
Missiles
 a - 4 curare-tipped needles {!f}
 d - 33 bolts (quivered)
Armour
 f - a +0 robe
 j - a cursed +0 pair of boots (worn)
   (You found it on level 1 of the Dungeon)
 p - a scarf of resistance (worn)
   (You found it on level 2 of the Dungeon)
 y - a cursed +0 ring mail (worn)
   (You found it on level 4 of the Dungeon)
Jewellery
 q - a cursed -3 ring of slaying (left hand)
   (You found it on level 2 of the Dungeon)
Scrolls
 h - a scroll of enchant armour {unknown}
 k - 2 scrolls of teleportation {@r4}
 n - 2 scrolls of fear {unknown}
 r - a scroll of remove curse {unknown}
 s - a scroll of magic mapping {unknown}
 t - a scroll of identify {@r1}
 w - 2 scrolls of amnesia
Potions
 g - a potion of curing {@q1}
 i - a potion of heal wounds {unknown}
 l - 2 potions of lignification {unknown}
 m - a potion of resistance {unknown}
 u - 3 potions of agility {unknown}
 x - a potion of haste {unknown}
Comestibles
 e - 6 rations


   Skills:
 + Level 4.1 Fighting
   Level 1.1 Bows
 - Level 1.0 Crossbows
 - Level 1.0 Throwing
 - Level 1.5 Armour
 + Level 3.2 Dodging
   Level 1.0 Shields
 + Level 3.4 Spellcasting


You had 10 spell levels left.
You didn't know any spells.
Your spell library was empty.

Dungeon Overview and Level Annotations

Branches:
Dungeon (4/15)
 Temple: D:4-7

Altars:
Dithmenos
Gozag


Message History

Firing (i - inventory)
d - 41 bolts (quivered)
Aim: a worker ant You shoot a bolt.
The bolt hits the worker ant!
The worker ant bites you.
You are poisoned.
The worker ant poisons you! The worker ant bites you.
Firing (i - inventory)
d - 40 bolts (quivered)
Aim: a worker ant (heavily wounded)
You shoot a bolt. The bolt barely misses the worker ant.
You feel sick. The worker ant misses you.
Firing (i - inventory)
d - 39 bolts (quivered)
Aim: a worker ant (heavily wounded)
You shoot a bolt. The bolt barely misses the worker ant.
You feel sick. The worker ant bites you.
You are more poisoned.
The worker ant poisons you! The worker ant closely misses you.
Firing (i - inventory)
d - 38 bolts (quivered)
Aim: a worker ant (heavily wounded)
You shoot a bolt.
The bolt hits the worker ant but does no damage.
You feel sick. The worker ant bites you. The worker ant barely misses you.
Firing (i - inventory)
d - 37 bolts (quivered)
Aim: a worker ant (heavily wounded)
You shoot a bolt. The bolt hits the worker ant.
* * * LOW HITPOINT WARNING * * *
You feel sick. The worker ant bites you.
* * * LOW HITPOINT WARNING * * *
The worker ant bites you but does no damage.
Firing (i - inventory)
d - 36 bolts (quivered)
Aim: a worker ant (heavily wounded)
You shoot a bolt. The bolt hits the worker ant.
* * * LOW HITPOINT WARNING * * *
You feel sick. The worker ant bites you.
* * * LOW HITPOINT WARNING * * *
You feel better. The worker ant completely misses you.
The worker ant bites you!
* * * LOW HITPOINT WARNING * * *
You are poisoned.
The worker ant poisons you!
Firing (i - inventory)
d - 35 bolts (quivered)
Aim: a worker ant (heavily wounded)
You shoot a bolt.
The bolt hits the worker ant but does no damage.
You feel sick. The worker ant closely misses you.
Firing (i - inventory)
d - 34 bolts (quivered)
Aim: a worker ant (heavily wounded)
You shoot a bolt. The bolt hits the worker ant.
You feel sick. The worker ant bites you!
* * * LOW HITPOINT WARNING * * *
The worker ant bites you.
You die...

#.....# ......# .## ##.
.....###( .(##...
.....#... .(....
......... ....#
.......# ....# ......#
##...# .....## #a...#
......## ##@..#
.......#### ##....#
..........####.....#
..................###
....................#.
..........####.........
...>......# ##...###...
..........# #...## #..
..........###...# #.


You could see a worker ant.

Vanquished Creatures
  5 adders
  4 oozes
  A worm (D:2)
  A dart slug (D:1)
  2 leopard geckos (D:2)
  4 orcs (D:3)
  13 giant cockroaches
  7 goblins
  7 hobgoblins
  7 jackals
  4 kobolds
  A quokka (D:2)
  11 bats
  4 frilled lizards
  7 rats
78 creatures vanquished.

Notes
Turn   | Place    | Note
-------+----------+-------------------------------------------
     0 | D:1      | MatthieuS the Deep Elf Wanderer began the quest for the
                  | Orb.
     0 | D:1      | MatthieuS set off with the following items: 4 curare-tipped
                  | needles {!f}, a +2 blowgun, a +0 hand crossbow, 27 bolts, a
                  | ration, a +0 robe, a potion of curing {@q1}
     0 | D:1      | Reached XP level 1. HP: 14/14 MP: 3/3
   346 | D:1      | Reached skill level 1 in Spellcasting
   349 | D:1      | Reached skill level 1 in Dodging
   349 | D:1      | Reached XP level 2. HP: 14/19 MP: 5/5
   842 | D:1      | Reached XP level 3. HP: 23/23 MP: 7/7
  1298 | D:2      | Reached XP level 4. HP: 26/29 MP: 9/9
  2178 | D:3      | Reached skill level 4 in Fighting
  2430 | D:3      | Reached XP level 5. HP: 23/33 MP: 11/11
  2845 | D:3      | Found an opulent altar of Gozag.
  3246 | D:3      | Found a shadowy altar of Dithmenos.
  3372 | D:4      | Slain by a worker ant

Levels and vault maps discovered:
D:1:      minmay_arrival_loop, layout_basic
D:2:      layout_basic, serial_glass, glass_columns_a, glass_columns_b
D:3:      minmay_roachtagon, layout_loops_ring, marbit_many_paths,
          nicolae_dithmenos_through_a_glass_darkly
D:4:      layout_layer_cave, fedhas_bush_and_centaur_altar, led_sif_pool,
          grunt_temple_overflow_champion_of_chaos, portal_sewer_entry_d,
          first_ration, serial_bayou_lagoon_b, uniq_duvessa, uniq_robin

Skill      XL: |  1  2  3  4 |
---------------+-------------+-----
Spellcasting   | 1 2 3 |  3.4
Dodging        | 1 2 3 |  3.2
Fighting       | 4 |  4.1
Bows           | |  1.1
Crossbows      | |  1.0
Throwing       | |  1.0
Armour         | |  1.5
Shields        | |  1.0

Action                   |  1- 3 |  4- 6 || total
-------------------------+-------+-------++-------
 Fire: Hand crossbow     |    98 |   177 ||   275
       Blowgun           |       |     1 ||     1
  Use: Potion            |     1 |     2 ||     3
       Scroll            |       |     2 ||     2
  Eat: Chunk             |     1 |     6 ||     7
Armor: Robe              |    20 |    22 ||    42
       Ring mail         |       |     3 ||     3
Dodge: Dodged            |    46 |    97 ||   143

Table legend:
 A = Non-vault XP
 B = Vault XP
 C = Vault XP percentage of total XP
 D = Non-vault monster count
 E = Vault monster count
 F = Vault count percentage of total count
                 A         B        C        D         E       F
            +---------+---------+-------+---------+---------+-------
      Total |     196 |      29 |  12.9 |      69 |       9 |  11.5
            +---------+---------+-------+---------+---------+-------
        D:1 |      50 |       0 |   0.0 |      27 |       0 |   0.0
        D:2 |     104 |       0 |   0.0 |      24 |       0 |   0.0
        D:3 |      41 |      29 |  41.4 |      17 |       9 |  34.6
        D:4 |       1 |       0 |   0.0 |       1 |       0 |   0.0
            +---------+---------+-------+---------+---------+-------
